 Dungeon Crawl Stone Soup version 0.25-a0-869-g05d4e06a41 (webtiles) character file.

Game seed: 12749051145973063507, levelgen mode: deterministic

122122 Maedhros the Blocker (level 16, -1/109 HPs)
             Began as an Octopode Artificer on May 1, 2020.
             Was an Elder of Cheibriados.
             Slain by walterwhite's ghost (19 damage)
             ... on level 3 of the Swamp.
             The game lasted 02:17:37 (18154 turns).

Maedhros the Blocker (Octopode Artificer)          Turns: 18154, Time: 02:17:37

Health: -1/109     AC:  7    Str: 20    XL:     16   Next: 86%
Magic:  18/29      EV: 31    Int: 27    God:    Cheibriados [****..]
Gold:   1234       SH: 11    Dex: 27    Spells: 3/33 levels left

rFire    . . .     SeeInvis +     - Unarmed
rCold    + + .     Gourm    .   o - +2 buckler {rPois}
rNeg     . . .     Faith    .   J - +1 hat {SInv}
rPois    +         Spirit   .   g - amulet of regeneration
rElec    .         Reflect  .   U - ring of protection from cold
rCorr    .         Harm     .   T - ring of wizardry
MR       +++..                  Q - +4 ring of evasion
Stlth    +++++.....             D - ring of the Mage {Wiz MR++ Int+3}
HPRegen  0.68/turn              M - +3 ring of evasion
MPRegen  0.21/turn              P - ring of protection from cold
                                c - +2 ring of protection
                                (no ring)

@: very slightly contaminated, invisible (expiring), very slow
A: almost no armour, stealthy swim, amphibious, 8 rings, constrict 8, antennae
2, thin metallic scales 1, camouflage 1, shaggy fur 1, gelatinous body 1, no
potion heal 1
a: Bend Time, Temporal Distortion, Slouch, Renounce Religion


You were on level 3 of the Swamp.
You worshipped Cheibriados.
Cheibriados was greatly pleased with you.
You were not hungry.

You visited 6 branches of the dungeon, and saw 31 of its levels.
You also visited: Ossuary and Ice Cave.

You collected 3174 gold pieces.
You spent 1940 gold pieces at shops.

Inventory:

Hand Weapons
 n - a +0 long sword
 X - the +8 rapier "Spiderbane" {venom, rElec}
   (You found it on level 1 of the Snake Pit)

   It poisons the flesh of those it strikes.
   It insulates you from electricity.
Missiles
 e - 14 javelins
 l - 58 poisoned darts (quivered)
 O - 242 arrows
Armour
 m - a +5 kite shield
 o - a +2 buckler of poison resistance (worn)
 I - a +0 tower shield
 J - a +1 hat of see invisible (worn)
Jewellery
 c - a +2 ring of protection (on tentacle)
 g - an amulet of regeneration (around mantle)
 k - an uncursed amulet of magic regeneration
 y - the ring "Rufubilo" {Fire rElec Str+4}
   (You found it on level 6 of the Dungeon)

   [ring of fire]

   It enhances your fire magic.
   It affects your strength (+4).
   It protects you from fire.
   It makes you vulnerable to cold.
   It insulates you from electricity.
 D - the ring of the Mage (on tentacle) {Wiz MR++ Int+3}
   (You bought it in a shop on level 2 of the Orcish Mines)

   [ring of wizardry]

   It improves your spell success rate.
   It affects your intelligence (+3).
   It affects your resistance to hostile enchantments.
 G - an uncursed ring of resist corrosion
 M - a +3 ring of evasion (on tentacle)
 P - a ring of protection from cold (on tentacle)
 Q - a +4 ring of evasion (on tentacle)
 S - an uncursed ring of fire
 T - a ring of wizardry (right tentacle)
 U - a ring of protection from cold (left tentacle)
 V - a +3 amulet of reflection
Wands
 b - a wand of flame (16)
 d - a wand of acid (8)
 x - a wand of polymorph (6)
 L - a wand of disintegration (6)
 N - a wand of iceblast (1)
 Z - a wand of enslavement (5)
Scrolls
 h - 7 scrolls of amnesia
 i - 2 scrolls of fog
 p - 2 scrolls of teleportation
 s - 3 scrolls of enchant weapon
 t - 14 scrolls of remove curse
 u - 2 scrolls of immolation
 w - 2 scrolls of magic mapping
 z - 10 scrolls of identify
 B - 4 scrolls of silence
 F - 4 scrolls of enchant armour
Potions
 a - 5 potions of brilliance
 j - 4 potions of stabbing
 q - 3 potions of might
 r - a potion of cancellation
 v - 3 potions of resistance
 A - 4 potions of curing
 C - 3 potions of mutation
 E - 4 potions of magic
 H - 3 potions of flight
 K - 2 potions of heal wounds
 R - a potion of invisibility
 Y - a potion of ambrosia {unknown}
Comestibles
 f - 42 rations


   Skills:
 - Level 10.0 Fighting
 - Level 1.0 Short Blades
 - Level 10.0 Dodging
 - Level 4.0 Stealth
 - Level 13.1 Shields
 * Level 12.9 Unarmed Combat
 * Level 9.0 Spellcasting
 - Level 3.0 Charms
 - Level 11.3 Transmutations
 - Level 3.0 Ice Magic
 - Level 9.0 Poison Magic
 - Level 9.6 Invocations
 - Level 3.2 Evocations


You had 3 spell levels left.
You knew the following spells:

 Your Spells              Type           Power        Failure   Level  Hunger
a - Eringya's Noxious Bo  Tmut/Pois      ######....   3%          6    ######.
b - Sticks to Snakes      Tmut           ######..     1%          2    None
c - Ignite Poison         Fire/Tmut/Pois #####...     1%          3    None
d - Ozocubu's Armour      Chrm/Ice       ####....     1%          3    None
e - Irradiate             Conj/Tmut      #####.....   3%          5    ####...
f - Yara's Violent Unrav  Hex/Tmut       #####.....   3%          5    ####...
g - Summon Ice Beast      Ice/Summ       ###.....     7%          4    #......
h - Blink                 Tloc           N/A          1%          2    None

Your spell library contained the following spells:

 Spells                   Type           Power        Failure   Level  Hunger
 Beastly Appendage        Tmut           ######       1%          1    None
 Freeze                   Ice            ####         1%          1    None
 Magic Dart               Conj           ##..         1%          1    None
 Sandblast                Erth           ##....       1%          1    None
 Passwall                 Tmut/Erth      #####...     1%          2    None
 Searing Ray              Conj           ##....       1%          2    None
 Shroud of Golubria       Chrm/Tloc      ###...       1%          2    None
 Sublimation of Blood     Necr           ##........   1%          2    None
 Frozen Ramparts          Ice            ####..       1%          3    None
 Spider Form              Tmut/Pois      ######....   1%          3    None
 Confusing Touch          Hex            ##......     4%          3    None
 Dazzling Flash           Conj/Hex       ##....       4%          3    None
 Gell's Gravitas          Tloc           ##........   4%          3    None
 Lesser Beckoning         Tloc           ##........   4%          3    None
 Stone Arrow              Conj/Erth      ##....       4%          3    None
 Teleport Other           Tloc           ##......     4%          3    None
 Ice Form                 Ice/Tmut       ######..     1%          4    #......
 Petrify                  Tmut/Erth      #####...     1%          4    #......
 Alistair's Intoxication  Tmut/Pois      ######..     1%          5    ####...
 Blade Hands              Tmut           ######....   1%          5    ####...
 Hailstorm                Conj/Ice       ###.....     7%          4    #......
 Fulminant Prism          Conj/Hex       ##........   13%         4    #......
 Iskenderun's Mystic Bla  Conj/Tloc      ##......     13%         4    #......
 Passage of Golubria      Tloc           N/A          13%         4    #......
 Metabolic Englaciation   Hex/Ice        ###.......   17%         5    ####...
 Lee's Rapid Deconstruct  Erth           ##........   32%         5    ####...


Dungeon Overview and Level Annotations

Branches:
Dungeon (15/15)            Temple (1/1) D:4            Lair (6/6) D:11
  Swamp (3/4) Lair:3        Snake (4/4) Lair:2        Slime (0/5) Lair:6
    Orc (2/2) D:9             Elf (0/3) Orc:2       Ossuary (visited)
  IceCv (visited)
 Vaults: D:13-14     Depths: D:15

Altars:
Ashenzari
Cheibriados
Dithmenos
Elyvilon
Fedhas
Gozag
Hepliaklqana
Kikubaaqudgha
Makhleb
Nemelex Xobeh
Okawaru
Qazlal
Ru
Sif Muna
Trog
Uskayaw
Vehumet
Wu Jian
Xom
Yredelemnul
Zin
Beogh

Shops:
D:7 %}(([   D:10 (   D:12 !*   Orc:2 =[=!

Annotations:
Lair:6 exclusion: 5 oklob plants
Swamp:3 brujo666's ghost, adept HOFi; walterwhite's ghost, journeyman DEIE
Snake:2 Aizul
Orc:1 3 runed translucent doors, alf2's ghost, journeyman DsBe


Innate Abilities, Weirdness & Mutations

You cannot wear most types of armour.
You are very stealthy in the water. (Stealth+)
You are amphibious.
You can wear up to eight rings at the same time.
You can use your tentacles to constrict eight enemies at once.
Your skin changes colour to match your surroundings (Stealth+).
Your rubbery body absorbs attacks. (AC +1, EV +1)
You have a pair of antennae on your head.
You are partially covered in thin metallic scales. (AC +2)
You are covered in fur. (AC +1)
Potions are less effective at restoring your health.


Message History

You see here a falchion.
You are engulfed in freezing vapours.
You resist.
You flicker for a moment.
Brujo666's ghost is engulfed in freezing vapours.
You block brujo666's ghost's attack.
Walterwhite's ghost is engulfed in freezing vapours.
Walterwhite's ghost casts a spell past brujo666's ghost.
Brujo666's ghost misses you.
Don't expect to remain undetected while in the water.
You are engulfed in freezing vapours.
You resist.
Brujo666's ghost is no longer covered in acid.
You block walterwhite's ghost's attack. Brujo666's ghost hits you!!
* * * LOW HITPOINT WARNING * * *
Brujo666's ghost burns you!
* * * LOW HITPOINT WARNING * * *
Walterwhite's ghost hits you.
* * * LOW HITPOINT WARNING * * *
You are electrocuted!!
You die...
Xom chuckles heartily!

#≈<.≈§.≈≈≈≈≈≈≈≈.≈≈≈≈≈
##.♣⌠♣.##≈...≈≈≈≈≈≈≈≈≈≈♣♣§≈§
##8.....8##...≈≈≈..≈≈≈≈.♣♣.§.
#!.......=#≈≈≈≈≈.♣.≈≈≈.♣♣♣♣♣♣
#♣.......♣#≈≈≈≈≈≈≈...♣♣♣ ♣♣
#⌠.......⌠#≈≈°≈≈.♣♣♣♣♣ ♣≈
♣.......♣#○○).°≈♣ ♣≈
≈≈####'''####.W○○≈♣♣♣♣ ♣♣
≈≈!..........○@W°°♣≈≈♣ ♣
.≈≈.≈.≈.....<○.°≈♣.≈≈♣ ♣
.≈≈.§≈≈≈.≈≈....♣♣♣...♣
.≈≈......≈...≈.≈♣♣♣♣♣♣ ♣
..........≈♣...♣♣ ♣♣
♣♣≈≈≈..≈...♣♣♣.♣ ♣.
♣♣♣♣♣≈..≈≈.♣♣♣♣ ♣♣.
.....≈≈≈≈.♣ ♣♣♣.≈ ≈≈..≈≈≈≈.♣♣
.≈.≈≈


You could see brujo666's ghost and walterwhite's ghost.

Vanquished Creatures
  Nikola (Snake:1)
  Jorgrun (Snake:3)
  Gastronok (Orc:1)
  Frances (D:13)
  A thorn hunter (Swamp:3)
  A nagaraja (Snake:3)
  A stone giant (Orc:2)
  An ettin (Orc:2)
  9 naga warriors
  4 hydras
  Erolcha (D:11)
  An anaconda (Snake:1)
  An ice dragon (IceCv)
  Erica (Orc:1)
  8 two-headed ogres
  4 alligators
  3 centaur warriors
  Urug (Lair:3)
  3 orc high priests (Orc:2)
  4 death yaks (Lair:4)
  3 shock serpents (Snake:3)
  A tengu warrior (D:13)
  2 naga sharpshooters
  3 naga ritualists
  2 unseen horrors
  10 mana vipers
  7 orc sorcerers
  2 deep elf magi
  5 orc knights
  13 ugly things
  A wolf spider (D:15)
  4 salamanders
  A manticore (D:13)
  A centaur zombie (D:15)
  2 cyclopes
  2 guardian serpents (Snake:3)
  A black mamba (shapeshifter) (D:14)
  17 black mambas
  An ice statue (IceCv)
  Psyche (D:9)
  5 elephants (Lair:4)
  23 spiny frogs
  A gargoyle (D:15)
  5 orange demons (D:13)
  2 naga magi
  5 komodo dragons
  3 rime drakes
  An ice devil (D:15)
  A tengu conjurer (D:14)
  A polar bear (Lair:2)
  7 trolls
  A red devil (D:13)
  7 tyrant leeches
  27 blink frogs
  9 hornets
  19 slime creatures
  A blink frog (shapeshifter) (D:13)
  4 bog bodies
  12 hippogriffs
  2 shadows
  A vampire (D:15)
  6 spriggans
  2 wyverns
  3 wraiths
  3 hogs (D:7)
  2 basilisks
  24 yaks
  16 vampire mosquitoes
  12 swamp worms
  16 nagas
  4 wargs
  Edmund (D:4)
  8 water moccasins
  3 acid dragons
  4 porcupines
  11 sky beasts
  5 black bears
  20 orc warriors
  4 swamp drakes
  12 ice beasts
  15 wolves
  8 ogres
  12 centaurs
  13 crocodiles
  26 bullfrogs
  A wyvern zombie (D:10)
  5 scorpions
  6 worker ants
  11 killer bees
  12 wights
  3 electric eels
  4 howler monkeys
  5 crimson imps
  2 quasits
  4 bullfrog zombies
  2 hounds
  14 orc priests
  A gnoll shaman (Orc:1)
  4 jellies
  28 orc wizards
  4 centaur skeletons
  Ijyb (D:3)
  4 iguanas
  Robin (D:4)
  3 gnolls (Orc:1)
  18 adders
  A howler monkey skeleton (D:4)
  3 shadow imps
  3 oozes
  An adder zombie (Ossuary)
  3 adder skeletons
  6 worms
  3 dart slugs
  6 leopard geckos
  77 orcs
  A ball python (D:4)
  6 giant cockroaches
  14 goblins
  8 hobgoblins
  11 jackals
  2 quokkas
  2 ball python skeletons (Ossuary)
  2 bats (D:3)
  5 frilled lizards
  A hobgoblin zombie (Ossuary)
  A jackal skeleton (D:4)
  A jackal zombie (D:8)
  9 kobolds
  A kobold zombie (Ossuary)
  An orc skeleton (Ossuary)
  3 orc zombies (Ossuary)
  A quokka skeleton (D:7)
  6 rats
  4 plants
809 creatures vanquished.

Vanquished Creatures (collateral kills)
  An ice dragon (IceCv)
  2 anacondas (Snake:3)
  A death yak (Lair:4)
  An ugly thing (D:11)
  A red devil (D:13)
  A vampire mosquito (Lair:6)
  An ogre (D:5)
  A big kobold (D:11)
  A bullfrog (Lair:6)
  2 killer bees (D:7)
  A wight (Ossuary)
  A centaur skeleton (D:4)
  An orc priest (D:11)
  A bullfrog skeleton (D:7)
  A worker ant (D:4)
  2 gnolls (Orc:1)
  2 adders
  2 orcs
  A goblin (D:4)
  2 jackals (D:5)
  2 kobolds (D:11)
28 creatures vanquished.

Vanquished Creatures (others)
  Rupert (D:13)
  4 naga warriors
  2 anacondas (Snake:2)
  A catoblepas (D:15)
  A death knight (D:14)
  2 two-headed ogres (D:15)
  2 alligators
  An ogre mage (D:15)
  A naga sharpshooter (Snake:3)
  4 shock serpents
  A salamander mystic (Snake:3)
  A naga ritualist (Snake:3)
  A deep elf mage (D:15)
  2 mana vipers
  An orc sorcerer (D:15)
  10 ugly things
  A salamander (Snake:3)
  5 black mambas
  8 naga magi
  A guardian serpent (Snake:2)
  2 spiny frogs
  A torpor snail (Lair:4)
  A kobold demonologist (D:14)
  An ice devil (D:15)
  A troll (D:14)
  7 tyrant leeches
  4 slime creatures
  A raiju (shapeshifter) (D:15)
  A spriggan (Swamp:3)
  A human (D:7)
  4 swamp worms
  17 nagas
  5 orc warriors
  8 ice beasts (IceCv)
  An ogre (D:15)
  3 big kobolds (D:14)
  2 killer bees (D:7)
  3 wights (D:14)
  An orc priest (Orc:2)
  A hound (D:5)
  A shadow imp (D:5)
  3 orcs
  A goblin (D:5)
  10 fungi
  33 plants
163 creatures vanquished.

Grand Total: 1000 creatures vanquished

Notes
Turn   | Place    | Note
-------+----------+-------------------------------------------
     0 | D:1      | Maedhros the Octopode Artificer began the quest for the
                  | Orb.
     0 | D:1      | Reached XP level 1. HP: 13/13 MP: 3/3
    60 | D:1      | Reached XP level 2. HP: 13/18 MP: 4/4
   108 | D:2      | Reached XP level 3. HP: 17/23 MP: 5/5
   166 | D:3      | Reached skill level 1 in Unarmed Combat
   275 | D:4      | Found a stormy altar of Qazlal.
   280 | D:4      | You fall into a shaft and drop 1 floor!
   280 | D:5      | Entered Level 5 of the Dungeon
   286 | D:5      | Found a bloodstained altar of Trog.
   295 | D:5      | Reached XP level 4. HP: 28/28 MP: 6/6
   300 | D:5      | Noticed a sky beast
   320 | D:5      | Killed a sky beast
   320 | D:5      | Reached XP level 5. HP: 33/33 MP: 7/7
   321 | D:5      | Noticed an ogre
   329 | D:5      | Killed an ogre
   344 | D:5      | Reached XP level 6. HP: 33/38 MP: 8/8
   347 | D:5      | Reached skill level 5 in Unarmed Combat
   436 | D:5      | Found a blossoming altar of Fedhas.
   473 | D:5      | Found a shimmering altar of Xom.
   507 | D:5      | Became a worshipper of Xom of Chaos
   518 | D:5      | Noticed a sky beast
   559 | D:5      | Found a sand-covered staircase.
   589 | Ossuary  | Entered an ossuary
   594 | Ossuary  | XOM: silly message
   672 | Ossuary  | XOM: silly message
   701 | Ossuary  | Noticed a wraith
   701 | Ossuary  | Noticed a flying skull
   709 | Ossuary  | Noticed a flying skull
   712 | Ossuary  | XOM: silly message
   715 | Ossuary  | Reached XP level 7. HP: 40/43 MP: 9/9
   730 | Ossuary  | Noticed a wraith
   736 | Ossuary  | Noticed a flying skull
   754 | Ossuary  | XOM: silly message
   764 | Ossuary  | XOM: butterfly on damage
   764 | Ossuary  | XOM: smoke on damage
   765 | Ossuary  | Killed a wraith
   765 | Ossuary  | Reached skill level 1 in Shields
   786 | Ossuary  | Noticed a flying skull
   791 | Ossuary  | Noticed a wraith
   826 | Ossuary  | Killed a wraith
   953 | D:5      | Reached skill level 2 in Shields
  1011 | D:4      | XOM: cast spell 'Olgreb's Toxic Radiance'
  1083 | D:4      | Reached XP level 8. HP: 34/51 MP: 10/10
  1119 | D:4      | XOM: noise
  1122 | D:4      | XOM: blink monster(s)
  1150 | D:4      | XOM: silly message
  1181 | D:4      | Noticed Edmund
  1197 | D:4      | Killed Edmund
  1253 | D:4      | Found a staircase to the Ecumenical Temple.
  1260 | D:4      | XOM: chaos cloud
  1444 | D:4      | XOM: give mutations
  1444 | D:4      | Gained mutation: You are dopey. (Int -2) [Xom's mischief]
  1444 | D:4      | Gained mutation: You are partially covered in icy blue
                  | scales. (AC +2) [Xom's mischief]
  1444 | D:4      | Gained mutation: You are occasionally teleported next to
                  | monsters. [Xom's mischief]
  1477 | D:4      | XOM: swap monsters
  1592 | D:4      | XOM: smoke on damage
  1653 | D:4      | Reached skill level 3 in Shields
  1658 | D:4      | Noticed Robin
  1713 | D:3      | Noticed Ijyb
  1854 | D:4      | XOM: swap monsters
  1857 | D:4      | Killed Robin
  1892 | Temple   | Entered the Ecumenical Temple
  2041 | D:6      | Got a clouded granite ring
  2042 | D:6      | Identified the ring "Rufubilo" {Fire rElec Str+4} (You
                  | found it on level 6 of the Dungeon)
  2069 | D:6      | Learned a level 6 spell: Eringya's Noxious Bog
  2195 | D:6      | XOM: swap monsters
  2196 | D:6      | XOM: give mutations
  2196 | D:6      | Lost mutation: You are dopey. (Int -2) [Xom's mischief]
  2196 | D:6      | Gained mutation: You are somewhat resistant to further
                  | mutation. [Xom's mischief]
  2221 | D:6      | Found a blossoming altar of Fedhas.
  2345 | D:6      | Found a shimmering blue altar of Sif Muna.
  2382 | D:7      | Found Wima's Weapon Boutique.
  2384 | D:7      | Found Cih Remn's Antique Weapon Boutique.
  2443 | D:7      | XOM: stat loss: -1 Dex (14/15)
  2464 | D:7      | XOM: polymorph killer bee -> centaur
  2467 | D:7      | XOM: summons 2 friendly demons
  2469 | D:7      | Reached skill level 1 in Poison Magic
  2481 | D:7      | Reached XP level 9. HP: 7/58 MP: 11/11
  2486 | D:7      | Reached skill level 1 in Spellcasting
  2486 | D:7      | Reached skill level 1 in Transmutations
  2663 | D:7      | Found a radiant altar of Vehumet.
  2704 | D:7      | Found a snail-covered altar of Cheibriados.
  2704 | D:7      | Found a hide-covered altar of Uskayaw.
  2708 | D:7      | Fell from the grace of Xom
  2708 | D:7      | Became a worshipper of Cheibriados the Contemplative
  3071 | D:1      | Reached * piety under Cheibriados
  3328 | D:2      | XOM: summons 1 hostile demon
  3476 | D:3      | Killed Ijyb
  3770 | D:4      | You fall into a shaft and drop 1 floor!
  3882 | D:7      | Reached skill level 4 in Shields
  3924 | D:7      | Found Meistuc's Antique Armour Shop.
  3967 | D:7      | Reached ** piety under Cheibriados
  3991 | D:7      | Found a hazy altar of Hepliaklqana.
  4009 | D:7      | Found Ubbal's Gadget Emporium.
  4015 | D:7      | Bought a wand of iceblast (10) for 154 gold pieces
  4015 | D:7      | Bought a wand of enslavement (10) for 132 gold pieces
  4110 | D:7      | Found Ydanofei's Food Boutique.
  4120 | D:7      | Reached skill level 5 in Dodging
  4167 | D:7      | Reached XP level 10. HP: 36/65 MP: 13/13
  4464 | D:9      | Noticed a two-headed ogre
  4470 | D:9      | Killed a two-headed ogre
  4470 | D:9      | Reached skill level 5 in Fighting
  4473 | D:9      | Reached *** piety under Cheibriados
  4473 | D:9      | Reached skill level 5 in Shields
  4518 | D:9      | XOM: 1-stop teleportation journey
  4536 | D:9      | Noticed Psyche
  4542 | D:9      | Killed Psyche
  4696 | D:9      | XOM: noise
  4874 | D:8      | Reached **** piety under Cheibriados
  4967 | D:8      | XOM: silly message
  5033 | D:10     | Entered Level 10 of the Dungeon
  5067 | D:9      | Found a staircase to the Orcish Mines.
  5107 | D:10     | Found Buynugg's Weapon Shop.
  5184 | D:10     | Reached skill level 1 in Invocations
  5293 | D:10     | Reached skill level 10 in Unarmed Combat
  5381 | D:10     | Noticed a two-headed ogre
  5391 | D:10     | Killed a two-headed ogre
  5391 | D:10     | Reached skill level 5 in Poison Magic
  5391 | D:10     | Reached XP level 11. HP: 49/72 MP: 15/17
  5455 | D:11     | Reached ***** piety under Cheibriados
  5562 | D:11     | XOM: swap monsters
  5605 | D:11     | Found a staircase to the Lair.
  5656 | D:11     | Reached skill level 6 in Shields
  5688 | D:11     | XOM: polymorph shadow imp -> crimson imp
  5789 | D:11     | Noticed Erolcha
  5795 | D:11     | Noticed a white ugly thing
  5795 | D:11     | Noticed a purple ugly thing
  5857 | D:11     | Killed Erolcha
  5934 | D:11     | Killed a purple ugly thing
  5945 | D:11     | Killed a white ugly thing
  6046 | D:12     | Reached skill level 5 in Transmutations
  6046 | D:12     | Reached skill level 5 in Invocations
  6159 | D:12     | XOM: 2-stop teleportation journey
  6266 | D:12     | XOM: noise
  6278 | D:12     | Identified a scroll of acquirement
  6394 | D:12     | Reached XP level 12. HP: 73/80 MP: 8/19
  6436 | D:12     | Found Buatwum's Distillery.
  6440 | D:12     | Reached skill level 5 in Spellcasting
  6456 | D:12     | Bought 2 potions of lignification for 72 gold pieces
  6456 | D:12     | Bought a potion of mutation for 96 gold pieces
  6456 | D:12     | Bought a potion of might for 48 gold pieces
  6456 | D:12     | Bought a potion of curing for 36 gold pieces
  6456 | D:12     | Bought 2 potions of curing for 72 gold pieces
  6456 | D:12     | Lost mutation: You are occasionally teleported next to
                  | monsters. [potion of mutation]
  6456 | D:12     | Lost mutation: You are partially covered in icy blue
                  | scales. (AC +2) [potion of mutation]
  6456 | D:12     | Gained mutation: You are partially covered in thin metallic
                  | scales. (AC +2) [potion of mutation]
  6502 | D:12     | Found Kuqodghi's General Store.
  6506 | D:12     | Bought a potion of flight for 39 gold pieces
  6563 | D:12     | Reached skill level 7 in Shields
  6610 | D:13     | Noticed a vault guard
  6610 | D:13     | Noticed a vault guard
  6610 | D:13     | Noticed a centaur warrior
  6626 | D:13     | Noticed Frances
  6632 | D:13     | Killed Frances
  6743 | D:13     | Noticed Rupert
  6794 | D:13     | Noticed a deep elf knight
  7053 | D:13     | Reached skill level 8 in Shields
  7312 | D:13     | Killed a centaur warrior
  7481 | Orc:1    | Entered Level 1 of the Orcish Mines
  7653 | Orc:1    | Reached XP level 13. HP: 86/86 MP: 21/21
  7656 | Orc:1    | Noticed Erica
  7667 | Orc:1    | Killed Erica
  7691 | Orc:1    | Reached ****** piety under Cheibriados
  7711 | Orc:1    | Found a runed translucent gate.
  7711 | Orc:1    | Found a runed translucent gate.
  7711 | Orc:1    | Found a runed translucent gate.
  7711 | Orc:1    | Noticed alf2's ghost (journeyman DsBe)
  7715 | Orc:1    | Noticed Gastronok
  7729 | Orc:1    | Killed Gastronok
  7860 | Orc:1    | Reached skill level 9 in Shields
  7947 | Orc:2    | Entered Level 2 of the Orcish Mines
  8049 | Orc:2    | Noticed a stone giant
  8050 | Orc:2    | HP: 1/86 [stone giant/large rock (19)]
  8156 | Orc:2    | Killed a stone giant
  8168 | Orc:2    | Found a staircase to the Elven Halls.
  8242 | Orc:2    | Noticed an ettin
  8253 | Orc:2    | Killed an ettin
  8433 | Lair:1   | Entered Level 1 of the Lair of Beasts
  8602 | Lair:1   | XOM: give mutations
  8602 | Lair:1   | Gained mutation: Your magical capacity is low. (-10% MP)
                  | [Xom's mischief]
  8602 | Lair:1   | Gained mutation: You are clumsy. (Dex -2) [Xom's mischief]
  8602 | Lair:1   | Gained mutation: Your body sometimes deteriorates upon
                  | taking damage. [Xom's mischief]
  8758 | Lair:1   | XOM: stat loss: -1 Dex (29/30)
  8813 | Lair:2   | XOM: stat loss: -1 Dex (28/30)
  8860 | Lair:2   | XOM: 6-stop teleportation journey
  8874 | Lair:2   | Found a staircase to the Snake Pit.
  8964 | Lair:2   | XOM: 2-stop teleportation journey
  9101 | Lair:3   | Noticed Urug
  9152 | Lair:3   | XOM: scenery: create altars
  9226 | Lair:3   | Learned a level 2 spell: Sticks to Snakes
  9230 | Lair:3   | Learned a level 3 spell: Ignite Poison
  9234 | Lair:3   | Learned a level 3 spell: Ozocubu's Armour
  9313 | Lair:3   | Paralysed by a hornet for 2 turns
  9317 | Lair:3   | Reached skill level 10 in Shields
  9391 | Lair:3   | Found a staircase to the Swamp.
  9452 | Lair:3   | XOM: noise
  9682 | Lair:3   | XOM: summons 1 hostile shadow creature
  9740 | Lair:3   | Reached XP level 14. HP: 77/92 MP: 20/20
  9837 | Lair:3   | Killed Urug
  9900 | Lair:4   | Reached skill level 1 in Ice Magic
  9900 | Lair:4   | Reached skill level 1 in Charms
  9919 | Lair:4   | XOM: god gift: wand of scattershot (4)
 10056 | Lair:4   | XOM: give mutations
 10056 | Lair:4   | Gained mutation: You are very clumsy. (Dex -4) [Xom's
                  | mischief]
 10056 | Lair:4   | Lost mutation: Your magical capacity is low. (-10% MP)
                  | [Xom's mischief]
 10056 | Lair:4   | Lost mutation: You are somewhat resistant to further
                  | mutation. [Xom's mischief]
 10107 | Lair:4   | Found a runed translucent door.
 10304 | Lair:4   | Lost mutation: You are very clumsy. (Dex -4) [potion of
                  | mutation]
 10304 | Lair:4   | Lost mutation: Your body sometimes deteriorates upon taking
                  | damage. [potion of mutation]
 10304 | Lair:4   | Gained mutation: You are frail. (-10% HP) [potion of
                  | mutation]
 10304 | Lair:4   | Gained mutation: Your body sometimes deteriorates upon
                  | taking damage. [potion of mutation]
 10304 | Lair:4   | Gained mutation: You are covered in fur. (AC +1) [potion of
                  | mutation]
 10304 | Lair:4   | Gained mutation: You have a pair of small antennae on your
                  | head. [potion of mutation]
 10305 | Lair:4   | Lost mutation: Your body sometimes deteriorates upon taking
                  | damage. [potion of mutation]
 10305 | Lair:4   | Lost mutation: You are frail. (-10% HP) [potion of
                  | mutation]
 10305 | Lair:4   | Lost mutation: You are clumsy. (Dex -2) [potion of
                  | mutation]
 10305 | Lair:4   | Gained mutation: Potions are less effective at restoring
                  | your health. [potion of mutation]
 10305 | Lair:4   | Gained mutation: You have a pair of antennae on your head.
                  | [potion of mutation]
 10422 | Lair:5   | XOM: noise
 10658 | Lair:5   | Was forgiven by Xom
 10725 | Lair:6   | Entered Level 6 of the Lair of Beasts
 10725 | Lair:6   | Found a staircase to the Slime Pits.
 10771 | Lair:6   | Reached skill level 11 in Shields
 10775 | Lair:6   | Reached skill level 10 in Transmutations
 11185 | Lair:6   | Reached XP level 15. HP: 99/99 MP: 24/26
 11198 | Lair:6   | Learned a level 5 spell: Irradiate
 11204 | Lair:6   | Learned a level 5 spell: Yara's Violent Unravelling
 11219 | Lair:6   | Got a twisted short sword
 11220 | Lair:6   | Identified the +4 short sword of Atteistro {speed, Dex+3
                  | Stlth+} (You found it on level 6 of the Lair of Beasts)
 11434 | Orc:1    | Found a roughly hewn altar of Beogh.
 11586 | Orc:2    | Found Ymog's Distillery.
 11586 | Orc:2    | Found Eghulyfyv's Jewellery Shop.
 11588 | Orc:2    | Found Buder's Jewellery Emporium.
 11588 | Orc:2    | Found Xool's Armour Emporium.
 11636 | Orc:2    | Bought the ring of the Mage {Wiz MR++ Int+3} for 672 gold
                  | pieces
 11636 | Orc:2    | Found the ring of the Mage {Wiz MR++ Int+3}
 11642 | Orc:2    | Learned a level 4 spell: Summon Ice Beast
 11652 | Orc:2    | Bought a +3 ring of evasion for 294 gold pieces
 11663 | Orc:2    | Bought an uncursed ring of protection from cold for 325
                  | gold pieces
 11897 | D:13     | Killed Rupert
 11897 | D:13     | Reached skill level 12 in Shields
 12935 | D:15     | Entered Level 15 of the Dungeon
 13353 | D:15     | Found a frozen archway.
 13358 | IceCv    | Entered an ice cave
 14310 | Snake:1  | Entered Level 1 of the Snake Pit
 14610 | Snake:1  | Noticed Nikola
 14639 | Snake:1  | Killed Nikola
 14639 | Snake:1  | Reached skill level 13 in Shields
 14639 | Snake:1  | Reached XP level 16. HP: 44/107 MP: 28/28
 14714 | Snake:1  | Got a smoking rapier
 14715 | Snake:1  | Identified the +8 rapier "Spiderbane" {venom, rElec} (You
                  | found it on level 1 of the Snake Pit)
 14726 | Snake:1  | Found a basalt altar of Yredelemnul.
 15251 | Snake:2  | Noticed Aizul
 15851 | Snake:3  | Noticed Jorgrun
 15905 | Snake:3  | Learned a level 2 spell: Blink
 15996 | Snake:3  | Killed Jorgrun
 16318 | Snake:3  | Noticed a nagaraja
 16337 | Snake:3  | Killed a nagaraja
 16721 | Snake:4  | Entered Level 4 of the Snake Pit
 16918 | Swamp:1  | Entered Level 1 of the Swamp
 17638 | Swamp:2  | Reached skill level 10 in Dodging
 17917 | Swamp:3  | Noticed a thorn hunter
 17922 | Swamp:3  | Reached skill level 10 in Fighting
 17937 | Swamp:3  | Killed a thorn hunter
 18127 | Swamp:3  | Found a runed translucent gate.
 18127 | Swamp:3  | Found a runed translucent gate.
 18127 | Swamp:3  | Found a runed translucent gate.
 18127 | Swamp:3  | Noticed walterwhite's ghost (journeyman DEIE)
 18128 | Swamp:3  | Noticed brujo666's ghost (adept HOFi)
 18154 | Swamp:3  | Slain by walterwhite's ghost

Levels and vault maps discovered:
D:1:      wander_arrival_peaceful_grave, layout_basic, grunt_decor_arrowhead,
          tso_metal_star
D:2:      layout_basic
D:3:      layout_basic, kennysheep_generic_room_14, uniq_ijyb
D:4:      layout_basic, grunt_qazlal_sundering, minmay_temple_entry_offerings,
          uniq_robin, uniq_edmund
D:5:      layout_cave_pools, old_standard_altar, first_ration,
          nicolae_ossuary_entry_ruins, basic_altar, kennysheep_minor_cross,
          brannock_xom_greatest_gift
D:6:      layout_loops_corners, lemuel_round_altar,
          hangedman_abyss_or_decor_stagger, minivault_10, fedhas_ov_isle_minmay
D:7:      layout_loops_ring, lemuel_round_altar, gammafunk_temple_overflow_wave,
          vehumet_altar_wand_db, serial_shops, shop, nicolae_shop_crystal, shop,
          shop, kennysheep_mini, grunt_livestock
D:8:      layout_loops_cross
D:9:      layout_cave_pools, hiddenorc1_lemuel, uniq_psyche
D:10:     layout_small_grid, serial_shops, shop
D:11:     layout_rooms, minmay_lair_entry_grove, minmay_hedge_maze, uniq_erolcha
D:12:     layout_stronghold, serial_shops, shop,
          nicolae_shop_overgrown_old_shop, shop
D:13:     minmay_goldmine, layout_gridville, grunt_vaults_entry_fortified,
          minmay_beelzebubs_servants, uniq_frances, uniq_rupert, uniq_nessos
D:14:     layout_rooms, nicolae_benzene_ring
D:15:     gammafunk_enter_depths_forms, layout_rooms,
          portal_ice_cave_demonic_guard, chequers_avenue
Temple:   nicolae_temple_great_sept
Lair:1:   layout_small_grid, st_stairs_9
Lair:2:   layout_roguey, dummy_snake_entry, grunt_megastairs_2
Lair:3:   layout_regular_city, nicolae_swamp_entry_splash_gauntlet,
          wad_woods_road_05, uniq_urug
Lair:4:   layout_gridlike, pf_torpor_hydra
Lair:5:   layout_big_grid, lemuel_fruit_tree, grunt_megastairs_4
Lair:6:   minmay_lair_end_frog_pond, layout_regular_city,
          minmay_slime_entry_oklob_open
Swamp:1:  layout_falls_marsh, evilmike_swamp_ruin_rubble_2
Swamp:2:  layout_falls_marsh, evilmike_swamp_ruin_house_2
Swamp:3:  layout_basic_swamp, gammafunk_ghost_cemetery,
          evilmike_swamp_ruin_rubble_1
Snake:1:  layout_onion, basic_altar, uniq_nikola
Snake:2:  layout_gridlike, serial_bayou_pond_c, uniq_aizul
Snake:3:  layout_gridlike, nicolae_snake_single_loop, drop_trap, uniq_jorgrun
Snake:4:  grunt_snake_rune_serpentine_throne, layout_rooms,
          statue_in_the_mist_lemuel, st_stairs_11, drop_trap, lightli_airlock,
          uniq_saint_roka, uniq_roxanne
Orc:1:    layout_caves, basic_altar, ebering_ghost_rock_garden, uniq_erica,
          uniq_gastronok
Orc:2:    st_orc_elflike, layout_caves

Skill      XL: |  1  2  3  4  5  6  7  8  9 10 11 12 13 14 15 16 |
---------------+-------------------------------------------------+-----
Stealth        | 3 4 |  4.0
Unarmed Combat | 2 4 6 7 9 10 11 12 | 12.9
Fighting       | 2 3 4 5 6 7 8 10 | 10.0
Shields        | 2 3 4 5 6 8 10 11 13 | 13.1
Dodging        | 3 4 5 6 7 8 10 | 10.0
Poison Magic   | 1 3 5 6 7 9 |  9.0
Spellcasting   | 2 4 5 7 8 9 |  9.0
Transmutations | 2 4 5 6 9 10 11 | 11.3
Invocations    | 2 5 7 9 |  9.6
Ice Magic      | 3 |  3.0
Charms         | 3 |  3.0
Short Blades   | |  1.0
Evocations     | |  3.2

Action                   |  1- 3 |  4- 6 |  7- 9 | 10-12 | 13-15 | 16-18 || total
-------------------------+-------+-------+-------+-------+-------+-------++-------
Melee: Short sword       |    20 |    27 |       |       |       |       ||    47
       Constrict         |     5 |    13 |    74 |    97 |   144 |    50 ||   383
       Tentacles         |     4 |    14 |    66 |   173 |   371 |   161 ||   789
       Punch             |       |     4 |    20 |    65 |   151 |    66 ||   306
       Unarmed           |       |    25 |   346 |   472 |   890 |   387 ||  2120
Throw: Dart              |       |       |       |     6 |    22 |       ||    28
 Cast: Sticks to Snakes  |       |       |       |       |    10 |     5 ||    15
       Eringya's Noxious |       |       |       |       |    29 |    67 ||    96
       Ozocubu's Armour  |       |       |       |       |     5 |     1 ||     6
       Summon Ice Beast  |       |       |       |       |     4 |     3 ||     7
       Blink             |       |       |       |       |       |     2 ||     2
Invok: Slouch            |       |       |       |     6 |    17 |     8 ||    31
       Temporal Distorti |       |       |       |       |     5 |     4 ||     9
       Step From Time    |       |       |       |       |       |     1 ||     1
Evoke: Wand              |     6 |    12 |    31 |    43 |    56 |    19 ||   167
  Use: Potion            |       |     1 |     7 |     5 |    12 |     6 ||    31
       Scroll            |       |       |    13 |    18 |     9 |     5 ||    45
 Stab: Sleeping          |     3 |     7 |    16 |    20 |    16 |     4 ||    66
       Distracted        |       |     1 |       |     3 |     2 |     5 ||    11
       Betrayed ally     |       |     1 |       |       |       |       ||     1
       Paralysed         |       |       |       |     7 |    11 |       ||    18
       Confused          |       |       |       |     1 |       |       ||     1
       Invisible         |       |       |       |       |     5 |     1 ||     6
  Eat: Chunk             |       |       |     5 |     8 |    16 |    12 ||    41
       Ration            |       |       |     1 |       |     4 |     5 ||    10
Armor: Skin              |     2 |     1 |    31 |    13 |    38 |    29 ||   114
Dodge: Dodged            |    12 |    23 |   120 |   192 |   360 |   436 ||  1143
Block: Kite shield       |       |     4 |   157 |   363 |   657 |       ||  1181
       Buckler           |       |       |       |       |    35 |   264 ||   299

Table legend:
 A = Non-vault XP
 B = Vault XP
 C = Vault XP percentage of total XP
 D = Non-vault monster count
 E = Vault monster count
 F = Vault count percentage of total count
                 A         B        C        D         E       F
            +---------+---------+-------+---------+---------+-------
      Total |  125118 |   49343 |  28.3 |     695 |     194 |  21.8
            +---------+---------+-------+---------+---------+-------
        D:1 |      47 |       0 |   0.0 |      20 |       0 |   0.0
        D:2 |      63 |       0 |   0.0 |       8 |       0 |   0.0
        D:3 |      69 |      49 |  41.5 |      28 |       3 |   9.7
        D:4 |     521 |     186 |  26.3 |      34 |      12 |  26.1
        D:5 |     615 |       0 |   0.0 |      21 |       0 |   0.0
        D:6 |     244 |       0 |   0.0 |       6 |       0 |   0.0
        D:7 |    1811 |     757 |  29.5 |      29 |       5 |  14.7
        D:8 |     467 |       0 |   0.0 |      14 |       0 |   0.0
        D:9 |    1995 |     652 |  24.6 |      18 |      18 |  50.0
       D:10 |    2027 |       0 |   0.0 |      18 |       0 |   0.0
       D:11 |    2254 |    2915 |  56.4 |      24 |      14 |  36.8
       D:12 |    5101 |       0 |   0.0 |      30 |       0 |   0.0
       D:13 |    8447 |    6450 |  43.3 |      51 |      19 |  27.1
       D:14 |    5963 |       0 |   0.0 |      28 |       0 |   0.0
       D:15 |   11743 |     404 |   3.3 |      41 |       2 |   4.7
     Lair:1 |    3972 |     361 |   8.3 |      21 |       1 |   4.5
     Lair:2 |     306 |       0 |   0.0 |       1 |       0 |   0.0
     Lair:3 |    6680 |    1610 |  19.4 |      25 |       5 |  16.7
     Lair:4 |    9640 |     555 |   5.4 |      23 |       2 |   8.0
     Lair:5 |     937 |     981 |  51.1 |       5 |       8 |  61.5
     Lair:6 |    5833 |   12462 |  68.1 |      21 |      47 |  69.1
    Swamp:1 |    5652 |       0 |   0.0 |      27 |       0 |   0.0
    Swamp:2 |    5816 |       0 |   0.0 |      25 |       0 |   0.0
    Swamp:3 |    6253 |       0 |   0.0 |      24 |       0 |   0.0
    Snake:1 |    8355 |    3959 |  32.2 |      16 |       1 |   5.9
    Snake:2 |    8715 |       0 |   0.0 |      29 |       0 |   0.0
    Snake:3 |   11716 |    2653 |  18.5 |      42 |       3 |   6.7
    Snake:4 |     539 |       0 |   0.0 |       1 |       0 |   0.0
      Orc:1 |    2903 |    3163 |  52.1 |      37 |       2 |   5.1
      Orc:2 |    6434 |    8199 |  56.0 |      28 |      25 |  47.2
    Ossuary |       0 |     561 | 100.0 |       0 |      14 | 100.0
      IceCv |       0 |    3426 | 100.0 |       0 |      13 | 100.0
            +---------+---------+-------+---------+---------+-------
